 Dungeon Crawl Stone Soup version 0.30.0-20-g3615ddf2f0 (webtiles) character file.

Game seed: 9970057449525312274

15728 qw the Cleaver (level 12, -4/77 HPs)
             Began as a Gargoyle Fighter on June 1, 2023.
             Was an Elder of Okawaru.
             Killed from afar by a starcursed mass (7 damage)
             ... with an accursed screaming
             ... on level 2 of the Abyss.
             The game lasted 00:04:58 (9104 turns).

qw the Cleaver (Gargoyle Fighter)                   Turns: 9104, Time: 00:04:59

Health: -4/77      AC: 27    Str: 25    XL:     12   Next: 30%
Magic:  17/17      EV:  9    Int:  9    God:    Okawaru [****..]
Gold:   517        SH:  0    Dex:  9    Spells: 11/11 levels left

rFire   . . .        l - +0 war axe (spect)
rCold   + . .        c - +0 buckler
rNeg    + . .        j - +0 chain mail
rPois   inf          (no helmet)
rElec   +            s - +2 cloak
rCorr   +            u - +0 pair of gloves
SInv    .            t - +2 pair of boots
Will    .....        (no amulet) Stlth
                     g - ring of resist corrosion
HPRegen 0.32/turn    q - ring of protection from cold
MPRegen 0.15/turn

%: no passive effects
@: confused
A: sickness immunity, AC +8, negative energy resistance 1, electricity
resistance, torment resistance 1, petrification resistance
a: Renounce Religion, Heroism, Finesse


You were on level 2 of the Abyss.
You worshipped Okawaru.
Okawaru was greatly pleased with you.
You visited 3 branches of the dungeon, and saw 11 of its levels.
You visited the Abyss 1 time.

You collected 517 gold pieces.


Innate Abilities, Weirdness & Mutations

You are immune to sickness and miasma.
Your stone body is resilient. (AC +8)
You are immune to poison.
You resist negative energy. (rN+)
You are resistant to electric shocks. (rElec)
You are resistant to unholy torment.
You are immune to petrification.


   Skills:
 - Level 10.0 Fighting
 - Level 13.0 Axes
 - Level 2.1 Throwing
 + Level 7.9 Armour
 - Level 2.0 Dodging
 - Level 6.0 Shields
 + Level 7.0 Invocations


You had 11 spell levels left.
You didn't know any spells.
Your spell library was empty.

Inventory:

Hand Weapons
 l - a +0 spectral war axe (weapon)
 o - a +0 morningstar
Missiles
 n - 6 boomerangs (quivered)
Armour
 c - a +0 buckler (worn)
 e - +0 acid dragon scales
 j - a +0 chain mail (worn)
 s - a +2 cloak (worn)
 t - a +2 pair of boots (worn)
 u - a +0 pair of gloves (worn)
Jewellery
 g - a ring of resist corrosion (left hand)
 q - a ring of protection from cold (right hand)
 v - a ring of fire
Wands
 p - a wand of digging (1)
Scrolls
 a - 3 scrolls of brand weapon
 h - 3 scrolls of identify
 w - 2 scrolls of teleportation
Potions
 b - a potion of cancellation
 d - 3 potions of might
 i - a potion of mutation
 k - a potion of heal wounds
 m - a potion of resistance
 r - 4 potions of attraction

Dungeon Overview and Level Annotations

Branches:
Dungeon (9/15)             Temple (1/1) D:7            Lair (1/5) D:9
    Orc: D:9-12

Altars:
Ashenzari
Cheibriados
Dithmenos
Elyvilon
Fedhas
Gozag
Hepliaklqana
Kikubaaqudgha
Makhleb
Nemelex Xobeh
Okawaru
Qazlal
Ru
Sif Muna
Trog
Uskayaw
Vehumet
Wu Jian
Xom
Yredelemnul
Zin
The Shining One

Annotations:
D:9 1 runed translucent door
Lair:1 Sonja


Message History

The ufetubus barely misses you.
The golden eye blinks!
The golden eye blinks at you. You resist with almost no effort.
The golden eye blinks at you.
You are more confused.
The ufetubus hits you but does no damage. x4
The small abomination closely misses you.
A starcursed mass splits.
A smoke demon comes into view.
The ynoxinul gestures at you. The iron shot hits you!!
The ufetubus barely misses you. The ufetubus closely misses you.
The ufetubus barely misses you.
The ufetubus hits you but does no damage. x3
The golden eye blinks at you.
You are more confused.
The golden eye blinks at you. You resist with some effort.
The ufetubus hits you but does no damage. x2
The ufetubus misses you. The ufetubus barely misses you. x2
The ufetubus hits you but does no damage.
The ufetubus closely misses you. x2
The ufetubus hits you but does no damage.
The ufetubus closely misses you. The golden eye blinks at you.
You resist with almost no effort.
The ufetubus hits you but does no damage.
The ufetubus barely misses you.
The starcursed mass shrieks in your mind.
The small abomination hits you. The ynoxinul misses you.
The ufetubus barely misses you. x2
The ufetubus hits you but does no damage. x4
The ufetubus closely misses you.
The ufetubus hits you but does no damage. x3
The ufetubus closely misses you. The ufetubus barely misses you.
The ufetubus hits you but does no damage. x2
A starcursed mass splits.
The ynoxinul gestures at you. The iron shot hits you!!
The ufetubus closely misses you. x2
A chorus of shrieks assaults your mind.
You die...

### . .. . ###...
#.... .
#.#.#.#.#.... .
.....#.....##.#
...........#...#
..#............
...........#...(
.#.....Gx5(..w...(
.G(..G5@55.Xw..
##...#535...#.. #
#.. ..55G¤......#
.\........#.....
...#......#...3..#
. ##....##X. .. #
.##..X ... ..# .
.. .###...... #. #
..


You could see 2 starcursed masses, a tentacled starspawn, a smoke demon, a
ynoxinul, a small abomination, 2 starspawn tentacles, 4 golden eyes and 8
ufetubi.

Vanquished Creatures
  A spriggan skeleton (Abyss:2)
  A two-headed ogre (D:9)
  A glowing orange brain (Abyss:2)
  A wizard (D:9)
  Pikel (D:6)
  4 elephants (Lair:1)
  An apocalypse crab (Abyss:2)
  Maggie (D:6)
  A cane toad (Lair:1)
  An unseen horror (D:9)
  A komodo dragon (Lair:1)
  A rime drake (Lair:1)
  Grinder (D:6)
  Prince Ribbit (D:5)
  Sigmund (D:2)
  2 wyverns
  20 yaks
  Eustachio (D:6)
  A steam dragon (D:9)
  6 large abominations
  Menkaure (D:5)
  3 wargs (D:9)
  5 water moccasins (Lair:1)
  A sky beast (D:8)
  3 ice beasts
  A black bear (D:7)
  2 ogres (D:5)
  2 centaurs
  A phantom (D:4)
  A kobold brigand (D:9)
  4 bullfrogs
  6 scorpions
  4 wights (D:8)
  3 howler monkeys (D:9)
  3 electric eels (Lair:1)
  2 hounds
  2 jellies
  5 orc priests
  A gnoll bouda (D:8)
  3 sleepcaps
  A human zombie (D:9)
  4 iguanas
  6 orc wizards
  8 small abominations
  11 adders
  4 gnolls (D:8)
  A shadow imp (D:6)
  A white imp (D:6)
  5 ufetubi
  2 worms
  3 dart slugs
  21 orcs
  6 ball pythons
  4 endoplasms
  7 giant cockroaches
  5 goblins
  12 hobgoblins
  2 jackals (D:1)
  8 quokkas
  6 bats
  2 jackal skeletons (D:9)
  13 kobolds
  3 rats
236 creatures vanquished.

Vanquished Creatures (others)
  A spectral weapon (Abyss:2)
1 creature vanquished.

Grand Total: 237 creatures vanquished

Notes
Turn   | Place    | Note
-------+----------+-------------------------------------------
     0 | D:1      | qw the Gargoyle Fighter began the quest for the Orb.
     0 | D:1      | Reached XP level 1. HP: 14/14 MP: 1/1
     0 | D:1      | 0 ||| qw: Version: 0.2-a-102-gdf20003
     0 | D:1      | 0 ||| qw: Game counter: 768
     0 | D:1      | 0 ||| qw: Always use a shield: true
     0 | D:1      | 0 ||| qw: God list: Okawaru
     0 | D:1      | 0 ||| qw: Allow faded altars: false
     0 | D:1      | 0 ||| qw: Do Orc after D:15 true
     0 | D:1      | 0 ||| qw: Do second Lair branch before Depths: true
     0 | D:1      | 0 ||| qw: Lair rune preference: random
     0 | D:1      | 0 ||| qw: Plans: Normal, Zot:1-4, Slime:5, God:TSO, Crypt,
                  | Tomb, Pan, Hells, Abyss, Win
     0 | D:1      | 0 ||| PLANNING D:1-11
    29 | D:1      | Reached skill level 2 in Axes
   145 | D:1      | Reached XP level 2. HP: 19/19 MP: 2/2
   237 | D:1      | 237 ||| Stepping ~*~*~tactically~*~*~ (stealth).
   246 | D:1      | HP: 4/19 [jackal (2)]
   247 | D:1      | Reached skill level 3 in Axes
   252 | D:1      | Reached XP level 3. HP: 4/23 MP: 3/3
   252 | D:1      | HP: 2/23 [ball python (2)]
   264 | D:1      | 264 ||| FLEEEEING.
   265 | D:1      | 265 ||| FLEEEEING.
   266 | D:1      | 266 ||| FLEEEEING.
   267 | D:1      | 267 ||| FLEEEEING.
   268 | D:1      | 268 ||| FLEEEEING.
   269 | D:1      | 269 ||| FLEEEEING.
   270 | D:1      | 270 ||| FLEEEEING.
   271 | D:1      | 271 ||| Stepping ~*~*~tactically~*~*~ (hiding).
   274 | D:1      | HP: 4/23 [hobgoblin (2)]
   551 | D:1      | 551 ||| UPGRADING to +0 chain mail.
   561 | D:1      | 561 ||| DROPPING +0 scale mail.
   562 | D:1      | 562 ||| READING scroll labelled WUV PAICUWAI.
   563 | D:1      | 563 ||| READING scroll labelled UNIHAJO BOTI.
   564 | D:1      | 564 ||| READING 2 scrolls labelled GEIZOOGUNI.
   565 | D:1      | 565 ||| READING scroll labelled DUORPH KOBAI.
   637 | D:2      | 637 ||| Stepping ~*~*~tactically~*~*~ (hiding).
   932 | D:2      | 932 ||| Stepping ~*~*~tactically~*~*~ (stealth).
   945 | D:2      | Reached XP level 4. HP: 27/28 MP: 4/4
  1049 | D:2      | Noticed Sigmund
  1057 | D:2      | HP: 6/28 [Sigmund/+1 heavy scythe (13)]
  1059 | D:2      | Killed Sigmund
  1060 | D:2      | Reached skill level 5 in Axes
  1060 | D:2      | Reached XP level 5. HP: 8/32 MP: 5/5
  1060 | D:2      | Reached XP level 6. HP: 9/37 MP: 6/6
  1636 | D:2      | Found a faded altar of an unknown god.
  1704 | D:2      | 1704 ||| UPGRADING to +0 cloak.
  1709 | D:2      | 1709 ||| UPGRADING to ring of resist corrosion.
  1710 | D:2      | 1710 ||| READING 2 scrolls labelled DYGHOR KUWKAIP.
  1711 | D:2      | 1711 ||| READING scroll labelled CEMOLU UHEST.
  1712 | D:2      | 1712 ||| READING scroll labelled QUATASHRURR.
  1713 | D:2      | 1713 ||| READING scroll labelled FOTECA HOSI.
  1714 | D:2      | 1714 ||| READING 2 scrolls of identify.
  1714 | D:2      | 1714 ||| IDENTIFYING emerald potion
  1715 | D:2      | 1715 ||| DROPPING scroll of vulnerability.
  1731 | D:3      | Found a bloodstained altar of Trog.
  1732 | D:3      | 1732 ||| PLANNING SEWER
  1944 | D:3      | 1944 ||| Stepping ~*~*~tactically~*~*~ (hiding).
  2131 | D:3      | 2131 ||| Stepping ~*~*~tactically~*~*~ (stealth).
  2132 | D:3      | 2132 ||| Stepping ~*~*~tactically~*~*~ (stealth).
  2227 | D:3      | Found a snail-covered altar of Cheibriados.
  2476 | D:3      | Found a glowing drain.
  2477 | D:3      | 2477 ||| READING scroll labelled FICYECOWOL.
  2578 | D:3      | 2578 ||| READING 4 scrolls of identify.
  2578 | D:3      | 2578 ||| IDENTIFYING smoky dark potion
  2579 | D:3      | 2579 ||| READING 3 scrolls of identify.
  2579 | D:3      | 2579 ||| IDENTIFYING green potion
  2580 | D:3      | 2580 ||| READING 2 scrolls of identify.
  2580 | D:3      | 2580 ||| IDENTIFYING black potion
  2581 | D:3      | 2581 ||| DROPPING potion of magic.
  2582 | D:3      | 2582 ||| DROPPING potion of flight.
  2633 | D:2      | 2633 ||| RIP SEWER
  2633 | D:2      | 2633 ||| PLANNING D:1-11
  2743 | D:3      | Found an opulent altar of Gozag.
  2743 | D:3      | Found a sparkling altar of Nemelex Xobeh.
  2857 | D:4      | 2857 ||| Stepping ~*~*~tactically~*~*~ (stealth).
  2979 | D:4      | 2979 ||| Stepping ~*~*~tactically~*~*~ (hiding).
  3023 | D:4      | Reached skill level 6 in Axes
  3413 | D:4      | Reached skill level 1 in Dodging
  3413 | D:4      | Reached XP level 7. HP: 43/43 MP: 7/7
  3614 | D:4      | 3614 ||| READING scroll labelled KAANKU LOMUNO.
  3615 | D:4      | 3615 ||| DRINKING 2 fuming orange potions.
  3661 | D:5      | Entered Level 5 of the Dungeon
  3737 | D:5      | 3737 ||| DRINKING potion of curing.
  3737 | D:5      | 3737 ||| (to cure confusion)
  3777 | D:5      | 3777 ||| DROPPING +0 whip.
  3866 | D:5      | Noticed Prince Ribbit
  3878 | D:5      | Killed Prince Ribbit
  3879 | D:5      | Reached skill level 7 in Axes
  3971 | D:5      | Reached XP level 8. HP: 48/48 MP: 8/8
  4022 | D:5      | Found a glowing silver altar of Zin.
  4114 | D:5      | 4114 ||| DROPPING +0 flail.
  4148 | D:5      | Reached skill level 8 in Axes
  4338 | D:5      | 4338 ||| Stepping ~*~*~tactically~*~*~ (stealth).
  4387 | D:5      | 4387 ||| DROPPING amulet of magic regeneration.
  4388 | D:5      | 4388 ||| READING scroll labelled SAESENTOJAU.
  4393 | D:5      | 4393 ||| READING scroll labelled VUMUERO BIXZEI.
  4426 | D:5      | 4426 ||| READING 3 scrolls of identify.
  4426 | D:5      | 4426 ||| IDENTIFYING fuming golden potion
  4438 | D:5      | 4438 ||| Stepping ~*~*~tactically~*~*~ (stealth).
  4453 | D:5      | Reached skill level 6 in Fighting
  4488 | D:6      | Noticed Menkaure
  4491 | D:6      | 4491 ||| STAIRDANCE
  4493 | D:5      | Killed Menkaure
  4581 | D:6      | Noticed Pikel
  4581 | D:6      | Paralysed by Pikel for 2 turns
  4592 | D:6      | Killed Pikel
  4593 | D:6      | Reached skill level 9 in Axes
  4593 | D:6      | Reached XP level 9. HP: 26/55 MP: 9/9
  4745 | D:6      | Noticed Grinder
  4753 | D:6      | Killed Grinder
  4844 | D:6      | Found a stormy altar of Qazlal.
  4873 | D:6      | Noticed Maggie
  4885 | D:6      | Killed Maggie
  5028 | D:6      | Noticed Eustachio
  5032 | D:6      | 5032 ||| Stepping ~*~*~tactically~*~*~ (stealth).
  5079 | D:6      | Killed Eustachio
  5429 | D:6      | 5429 ||| Stepping ~*~*~tactically~*~*~ (hiding).
  5432 | D:6      | 5432 ||| Stepping ~*~*~tactically~*~*~ (hiding).
  5433 | D:6      | 5433 ||| Stepping ~*~*~tactically~*~*~ (hiding).
  5574 | D:6      | 5574 ||| DROPPING ring of wizardry.
  5575 | D:6      | 5575 ||| READING 2 scrolls of identify.
  5575 | D:6      | 5575 ||| IDENTIFYING gluggy clear potion
  5576 | D:6      | 5576 ||| DROPPING potion of ambrosia.
  5599 | D:7      | Found a staircase to the Ecumenical Temple.
  5600 | D:7      | 5600 ||| PLANNING TEMPLE
  5605 | Temple   | Entered the Ecumenical Temple
  5606 | Temple   | 5606 ||| PLANNING OKAWARU WORSHIP
  5627 | Temple   | Became a worshipper of Warmaster Okawaru
  5627 | Temple   | 5627 ||| PLANNING D:1-11
  5680 | D:7      | Reached skill level 10 in Axes
  5756 | D:7      | Found a shimmering altar of Xom.
  5893 | D:7      | 5893 ||| STAIRDANCE
  5915 | D:6      | 5915 ||| READING scroll labelled WULLIH VAONAI.
  5918 | D:7      | 5918 ||| STAIRDANCE
  5987 | D:7      | Reached XP level 10. HP: 62/64 MP: 10/10
  6142 | D:7      | 6142 ||| Stepping ~*~*~tactically~*~*~ (stealth).
  6144 | D:7      | 6144 ||| Stepping ~*~*~tactically~*~*~ (hiding).
  6274 | D:8      | Reached skill level 1 in Throwing
  6451 | D:8      | 6451 ||| Stepping ~*~*~tactically~*~*~ (stealth).
  6453 | D:8      | 6453 ||| Stepping ~*~*~tactically~*~*~ (stealth).
  6497 | D:8      | Reached * piety under Okawaru
  6498 | D:8      | 6498 ||| INVOKING Heroism.
  6504 | D:8      | HP: 10/64 [yak (10)]
  6505 | D:8      | 6505 ||| DRINKING 5 potions of heal wounds.
  6619 | D:8      | 6619 ||| Stepping ~*~*~tactically~*~*~ (stealth).
  6621 | D:8      | 6621 ||| Stepping ~*~*~tactically~*~*~ (stealth).
  6627 | D:8      | 6627 ||| Stepping ~*~*~tactically~*~*~ (hiding).
  6628 | D:8      | Found a broken altar of Ashenzari.
  6637 | D:8      | 6637 ||| INVOKING Heroism.
  6639 | D:8      | HP: 13/64 [orc priest/divine providence (17)]
  6640 | D:8      | 6640 ||| DRINKING 4 potions of heal wounds.
  6720 | D:8      | Found a shimmering blue altar of Sif Muna.
  6721 | D:8      | Found a sacrificial altar of Ru.
  6866 | D:8      | Reached skill level 1 in Invocations
  6984 | D:8      | 6984 ||| UPGRADING to +2 cloak.
  6994 | D:8      | 6994 ||| DROPPING +0 cloak.
  6995 | D:8      | 6995 ||| UPGRADING to +2 pair of boots.
  7000 | D:8      | 7000 ||| UPGRADING to ring of protection from cold.
  7001 | D:8      | 7001 ||| READING 2 scrolls of identify.
  7001 | D:8      | 7001 ||| IDENTIFYING lumpy dark potion
  7044 | D:9      | 7044 ||| INVOKING Heroism.
  7046 | D:9      | Reached skill level 11 in Axes
  7151 | D:9      | Found a staircase to the Lair.
  7153 | D:9      | Noticed a two-headed ogre
  7154 | D:9      | 7154 ||| INVOKING Heroism.
  7157 | D:9      | Reached skill level 3 in Invocations
  7165 | D:9      | Killed a two-headed ogre
  7165 | D:9      | Reached ** piety under Okawaru
  7166 | D:9      | Reached skill level 6 in Armour
  7317 | D:9      | 7317 ||| Stepping ~*~*~tactically~*~*~ (hiding).
  7318 | D:9      | 7318 ||| Stepping ~*~*~tactically~*~*~ (hiding).
  7320 | D:9      | 7320 ||| Stepping ~*~*~tactically~*~*~ (hiding).
  7349 | D:9      | 7349 ||| Stepping randomly (disturbance).
  7359 | D:9      | 7359 ||| Stepping ~*~*~tactically~*~*~ (stealth).
  7370 | D:9      | 7370 ||| DRINKING 2 potions of curing.
  7370 | D:9      | 7370 ||| (to cure confusion)
  7377 | D:9      | Killed an unseen horror
  7430 | D:9      | 7430 ||| Stepping ~*~*~tactically~*~*~ (stealth).
  7443 | D:9      | 7443 ||| Stepping ~*~*~tactically~*~*~ (stealth).
  7449 | D:9      | 7449 ||| Stepping ~*~*~tactically~*~*~ (stealth).
  7451 | D:9      | 7451 ||| Stepping ~*~*~tactically~*~*~ (stealth).
  7462 | D:9      | Noticed a wizard
  7463 | D:9      | 7463 ||| Stepping ~*~*~tactically~*~*~ (hiding).
  7470 | D:9      | Killed a wizard
  7471 | D:9      | Reached skill level 9 in Fighting
  7471 | D:9      | Reached XP level 11. HP: 71/71 MP: 14/14
  7487 | D:9      | 7487 ||| INVOKING Heroism.
  7489 | D:9      | HP: 8/71 [large abomination (12)]
  7490 | D:9      | 7490 ||| DRINKING 4 potions of heal wounds.
  7503 | D:9      | Reached *** piety under Okawaru
  7505 | D:9      | 7505 ||| INVOKING Heroism.
  7520 | D:9      | Noticed a large abomination
  7522 | D:9      | HP: 9/71 [large abomination (21)]
  7523 | D:9      | 7523 ||| DRINKING 3 potions of heal wounds.
  7527 | D:9      | HP: 1/71 [large abomination (23)]
  7528 | D:9      | 7528 ||| DRINKING 2 potions of heal wounds.
  7530 | D:9      | Killed a large abomination
  7543 | D:9      | 7543 ||| INVOKING Heroism.
  7562 | D:9      | 7562 ||| INVOKING Heroism.
  7566 | D:9      | Noticed a large abomination
  7571 | D:9      | Killed a large abomination
  7594 | D:9      | 7594 ||| INVOKING Heroism.
  7600 | D:9      | Reached skill level 12 in Axes
  7787 | D:9      | 7787 ||| INVOKING Heroism.
  7829 | D:9      | 7829 ||| Stepping ~*~*~tactically~*~*~ (stealth).
  7840 | D:9      | Found a runed translucent door.
  7841 | D:9      | Found a basalt altar of Yredelemnul.
  8061 | D:9      | Found a blossoming altar of Fedhas.
  8105 | D:9      | 8105 ||| PLANNING LAIR
  8105 | D:9      | 8105 ||| UPGRADING to +0 pair of gloves.
  8110 | D:9      | 8110 ||| READING 2 scrolls of identify.
  8110 | D:9      | 8110 ||| IDENTIFYING viscous ruby potion
  8126 | Lair:1   | Entered Level 1 of the Lair of Beasts
  8180 | Lair:1   | 8180 ||| INVOKING Heroism.
  8186 | Lair:1   | Reached skill level 6 in Shields
  8242 | Lair:1   | 8242 ||| Stepping ~*~*~tactically~*~*~ (stealth).
  8243 | Lair:1   | 8243 ||| Stepping ~*~*~tactically~*~*~ (stealth).
  8247 | Lair:1   | 8247 ||| INVOKING Heroism.
  8328 | Lair:1   | Reached **** piety under Okawaru
  8387 | Lair:1   | 8387 ||| INVOKING Heroism.
  8442 | Lair:1   | 8442 ||| Stepping ~*~*~tactically~*~*~ (stealth).
  8447 | Lair:1   | Reached XP level 12. HP: 77/77 MP: 16/16
  8451 | Lair:1   | Reached skill level 13 in Axes
  8740 | Lair:1   | Reached skill level 6 in Invocations
  8967 | Lair:1   | Noticed Sonja
  8985 | Lair:1   | 8985 ||| INVOKING Heroism.
  8985 | Abyss:2  | Cast into level 2 of the Abyss (Sonja)
  9014 | Abyss:2  | 9014 ||| Stepping ~*~*~tactically~*~*~ (cloud).
  9033 | Abyss:2  | Received a gift from Okawaru
  9042 | Abyss:2  | 9042 ||| INVOKING Heroism.
  9060 | Abyss:2  | 9060 ||| DRINKING 2 potions of curing.
  9060 | Abyss:2  | 9060 ||| (to cure confusion)
  9061 | Abyss:2  | 9061 ||| DRINKING potion of curing.
  9061 | Abyss:2  | 9061 ||| (to cure confusion)
  9100 | Abyss:2  | Noticed a tentacled starspawn
  9101 | Abyss:2  | Noticed a starcursed mass
  9104 | Abyss:2  | HP: 3/77 [ynoxinul/iron shot (23)]
  9104 | Abyss:2  | Killed from afar by a starcursed mass

Levels and vault maps discovered:
D:1:      tarquinn_simple_flora_water_a, layout_rooms
D:2:      minmay_inner_zag, layout_loops_ring, chequers_ecumenical_altar_lobes,
          kennysheep_generic_room_14, uniq_sigmund
D:3:      layout_loops_ring, grunt_temple_overflow_opulence,
          lemuel_crystal_altar, mainiacjoe_overflow_cross_hatched,
          gup_sewer_entry_bowl, minivault_5, hangedman_feature_mirror,
          corexii_corridor_pit
D:4:      layout_loops_corners
D:5:      layout_rooms, mainiacjoe_overflow_six_doors_small,
          guppyfry_early_lair_pool, uniq_prince_ribbit1
D:6:      layout_gridville, overflow_temple_1_default, uniq_eustachio,
          uniq_grinder, uniq_menkaure, uniq_pikel, uniq_maggie
D:7:      layout_loops_ring, lemuel_crystal_altar, temple_fountains
D:8:      layout_basic, chequers_temple_overflow_statue_of_worship
D:9:      layout_cave_pools, dk_yredelemnul_ordeal, general_overflow_altar,
          erik_lair_orcish_takeover, kennysheep_another_room, laboratory
Temple:   hellmonk_temple_rainy
Lair:1:   dreamdust_cave_troll, layout_layer_cave, beast_lair_carwin_9,
          lemuel_fruit_fields, infiniplex_staircase_pool, grunt_megastairs_2,
          serial_bayou_shore_a, uniq_sonja
Abyss:2:  base: D:3, hangedman_abyss_mock_shop

Skill      XL: |  1  2  3  4  5  6  7  8  9 10 11 12 |
---------------+-------------------------------------+-----
Axes           | 2 3 5 6 7 9 10 11 12 13 | 13.0
Fighting       | 4 6 8 9 10 | 10.0
Dodging        | 1 2 |  2.0
Armour         | 4 5 6 7 |  7.9
Shields        | 4 5 6 |  6.0
Throwing       | 1 2 |  2.1
Invocations    | 4 5 7 |  7.0

Action                     |  1- 3 |  4- 6 |  7- 9 | 10-12 || total
---------------------------+-------+-------+-------+-------++-------
  Melee: War axe           |    91 |   104 |   176 |   301 ||   672
  Throw: Boomerang         |       |       |       |    47 ||    47
         Javelin           |       |       |       |     7 ||     7
 Invoke: Heroism           |       |       |       |    15 ||    15
    Use: Scroll            |     4 |     9 |     6 |     2 ||    21
         Potion            |       |       |     2 |     8 ||    10
   Stab: Distracted        |       |       |     2 |     7 ||     9
 Armour: Scale mail        |    38 |       |       |       ||    38
         Chain mail        |    23 |    47 |    79 |   190 ||   339
  Dodge: Dodged            |    45 |    29 |    56 |   148 ||   278
  Block: Buckler           |    23 |    11 |    26 |    49 ||   109

Table legend:
 A = Non-vault XP
 B = Vault XP
 C = Vault XP percentage of total XP
 D = Non-vault monster count
 E = Vault monster count
 F = Vault count percentage of total count
                 A         B        C        D         E       F
            +---------+---------+-------+---------+---------+-------
      Total |   13820 |    8649 |  38.5 |     176 |      60 |  25.4
            +---------+---------+-------+---------+---------+-------
        D:1 |      41 |       0 |   0.0 |      22 |       0 |   0.0
        D:2 |      37 |     264 |  87.7 |      11 |       8 |  42.1
        D:3 |      56 |      12 |  17.6 |      13 |       5 |  27.8
        D:4 |     263 |       0 |   0.0 |      16 |       0 |   0.0
        D:5 |     840 |     483 |  36.5 |      22 |       6 |  21.4
        D:6 |     888 |    1462 |  62.2 |      18 |       4 |  18.2
        D:7 |     341 |       0 |   0.0 |       8 |       0 |   0.0
        D:8 |    1835 |       0 |   0.0 |      19 |       0 |   0.0
        D:9 |    2183 |    4165 |  65.6 |      22 |      25 |  53.2
     Lair:1 |    4797 |    2263 |  32.1 |      20 |      12 |  37.5
    Abyss:2 |    2539 |       0 |   0.0 |       5 |       0 |   0.0
            +---------+---------+-------+---------+---------+-------
